 Dungeon Crawl Stone Soup version 0.29-a0-819-g94b489e0ae (webtiles) character file.

Game seed: 18116185858068604872

25 Ayihk420 the Ruffian (level 2, -8/29 HPs)
             Began as a Troll Monk on July 6, 2022.
             Was a Plaything of Xom.
             Mangled by an orc warrior
             ... wielding a +0 scimitar of electrocution
              (15 damage)
             ... on level 4 of the Dungeon.
             The game lasted 00:04:08 (729 turns).

Ayihk420 the Ruffian (Troll Monk)                    Turns: 729, Time: 00:04:09

Health: -8/29      AC:  4    Str: 18    XL:     2   Next: 82%
Magic:  1/1        EV: 10    Int:  6    God:    Xom [..*...]
Gold:   44         SH:  0    Dex: 12    Spells: 1/1 levels left

rFire   . . .      SeeInvis .     - Unarmed
rCold   . . .      Faith    .   (no shield)
rNeg    . . .      Spirit   .   a - +0 robe
rPois   .          Reflect  .   (helmet restricted)
rElec   .          Harm     .   (no cloak)
rCorr   .          Rampage  .   (gloves unavailable)
Will    .....                   (boots unavailable)
Stlth   ++........              (no amulet)
HPRegen 0.89/turn               (no ring)
MPRegen 0.07/turn               (no ring)

@: liquefying, slowed movement, very slow
A: large, unfitting armour, claws 3, regeneration 1, shaggy fur 1, tough skin 1
a: Renounce Religion


You were on level 4 of the Dungeon.
You worshipped Xom.
You were a toy of Xom.
You visited 1 branch of the dungeon, and saw 3 of its levels.

You collected 44 gold pieces.

Inventory:

Hand Weapons
 e - a +2 whip of venom
Armour
 a - a +0 robe (worn)
 f - a +0 cloak
Jewellery
 h - an amulet of faith
Scrolls
 c - 3 scrolls of identify {unknown}
 g - 3 scrolls of teleportation {unknown}
 i - 2 scrolls of brand weapon {unknown}
Potions
 b - a potion of ambrosia
 d - a potion of cancellation {unknown}
 j - a potion of curing {unknown}


   Skills:
 - Level 2.4 Fighting
 * Level 2.0 Throwing
 - Level 2.4 Dodging
 - Level 1.1 Stealth
 - Level 3.0 Unarmed Combat


You had one spell level left.
You didn't know any spells.
Your spell library was empty.

Dungeon Overview and Level Annotations

Branches:
Dungeon (2/15)

Altars:
Xom


Innate Abilities, Weirdness & Mutations

You are too large for most types of armour.
You have claws for hands.
Your natural rate of healing is unusually fast.
You are covered in fur. (AC +1)
You have tough skin. (AC +1)


Message History

The endoplasm hits you but does no damage.
You claw the endoplasm!
You kill the endoplasm!
Your Throwing skill increases to level 2!
No target in view!
An orc wizard and a hound come into view.
The orc wizard is wielding a +2 dagger of holy wrath.
Found 4 stones.
The hound barks!
An orc priest, an orc and an orc warrior come into view.
The orc warrior is wielding a +0 scimitar of electrocution.
Found 3 stones.
The orc shouts!
You hear a shout!
The orc warrior shouts!
The orc priest shouts!
You miss the hound. The hound bites you but does no damage.
The hound bites you.
You closely miss the hound.
The orc wizard gestures wildly while chanting.
The orc wizard flickers and vanishes!
Deactivating autopickup; reactivate with Ctrl-A.
The hound bites you.
Found 6 gold pieces.
The orc priest casts a cantrip, but nothing happens.
An orc comes into view. It is wielding a +0 hand axe.
The hound bites you.
The orc shouts!
An orc comes into view. It is wielding a +0 dagger.
The orc shouts!
Xom plays with reality for a moment.
The ground around you becomes liquefied!
You scratch the orc warrior but do no damage.
The orc priest invokes the aid of Beogh against you.
Beogh smites you!
Ouch! That really hurt!
The orc warrior hits you with a +0 scimitar of electrocution.
* * * LOW HITPOINT WARNING * * *
You are electrocuted!
Ouch! That really hurt!
You die...
Xom titters!

##........#
##.........#
#..........#
#.......(..# ##
...........# 8 .#
...........#.#...
...........#o....
........h@o.ooo$.
...........#..### .#
...........# ### .#
...........###8#### .#
...........##.....###.#
......................#
.....................##
######...............##
#######..........#


You could see an orc warrior (struggling), a hound (struggling), an orc priest
and 3 orcs.

Vanquished Creatures
  A worm (D:2)
  A dart slug (D:1)
  3 ball pythons
  2 bats (D:1)
  An endoplasm (D:4)
  4 kobolds (D:1)
  2 frilled lizards (D:1)
  2 goblins (D:1)
  6 rats
22 creatures vanquished.

Notes
Turn   | Place    | Note
-------+----------+-------------------------------------------
     0 | D:1      | Ayihk420 the Troll Monk began the quest for the Orb.
     0 | D:1      | Reached XP level 1. HP: 22/22 MP: 0/0
   109 | D:1      | Found a faded altar of an unknown god.
   131 | D:1      | Reached skill level 1 in Throwing
   131 | D:1      | Reached XP level 2. HP: 21/29 MP: 1/1
   164 | D:1      | Prayed at the altar of an unknown god.
   164 | D:1      | Became a worshipper of Xom the Tricky
   306 | D:1      | XOM: silly message
   700 | D:2      | You fall into a shaft and drop 2 floors!
   723 | D:4      | Noticed an orc warrior
   728 | D:4      | XOM: cast spell 'Leda's Liquefaction'
   729 | D:4      | Mangled by an orc warrior

Illustrated notes

Levels and vault maps discovered:
D:1:      eino_arrival_water_cross, layout_basic,
          hellmonk_ecumenical_altar_arch_garden
D:2:      layout_loops_cross, basic_altar, uniq_crazy_yiuf_cottage, uniq_jessica
D:4:      layout_cave_pods, ebering_ghost_sewer_d, guppyfry_early_orc_mine

Skill      XL: |  1  2 |
---------------+-------+-----
Throwing       | 1 2 |  2.0
Fighting       | |  2.4
Dodging        | |  2.4
Stealth        | |  1.1
Unarmed Combat | |  3.0

Action                   || total
-------------------------++-------
Melee: Unarmed           ||    50
       Punch             ||     1
Throw: Stone             ||     6
Armor: Robe              ||    49
Dodge: Dodged            ||    53

Table legend: (Time is in decaauts)
 A = Elapsed time spent in this place.
 B = Non-inter-level travel time spent in this place.
 C = Inter-level travel time spent in this place.
 D = Time resting spent in this place.
 E = Time spent auto-exploring this place.
 F = Levels seen in this place.
 G = Mean time per level.
                   A        B        C        D        E       F      G
               +--------+--------+--------+--------+--------+-----+--------+
         Total |    725 |    725 |      0 |      0 |    219 |   3 |  241.7 |
       Dungeon |    725 |    725 |      0 |      0 |    219 |   3 |  241.7 |
               +--------+--------+--------+--------+--------+-----+--------+

Top non-repeatable levels by time:
     D:1: 434 daAuts
     D:2: 263 daAuts
     D:4: 28 daAuts
